 Dungeon Crawl Stone Soup version 0.20-a0-983-g35de22d (webtiles) character file.

52 Murumi the Sneak (level 3, -4/32 HPs)
             Began as a Naga Enchanter on Apr 10, 2017.
             Killed from afar by Ijyb (11 damage)
             ... with a wand of flame (?/48)
             ... on level 2 of the Dungeon.
             The game lasted 00:06:48 (1757 turns).

Murumi the Sneak (Naga Enchanter)                   Turns: 1757, Time: 00:06:48

Health: -4/32      AC:  2    Str: 10    XL:     3   Next: 85%
Magic:  6/6        EV: 10    Int: 15    God:
Gold:   42         SH:  0    Dex: 12    Spells: 5/6 levels left

rFire    . . .     SeeInvis +   a - +1 dagger
rCold    . . .     Gourm    .   (no shield)
rNeg     . . .     Faith    .   b - +0 robe
rPois    +         Spirit   .   (no helmet)
rElec    .         Reflect  .   (no cloak)
rCorr    .         Harm     .   (no gloves)
MR       .....                  (no barding)
Stlth    +++.......             (no amulet)
Regen    0.1/turn               (no ring)
MPRegen  0.1/turn               (no ring)

@: hasted, quick
A: see invisible, deformed body, poison resistance, slowness 2, slow metabolism
1, spit poison 1, AC +1
a: Spit Poison


You were on level 2 of the Dungeon.
You were not hungry.

You visited 1 branch of the dungeon, and saw 2 of its levels.

You collected 42 gold pieces.

Inventory:

Hand Weapons
 a - a +1 dagger (weapon)
Armour
 b - a +0 robe (worn)
Jewellery
 h - an uncursed amulet of rage {unknown}
Books
 c - a book of Maledictions

   Spells                             Type                      Level
   a - Corona                         Hexes                        1
   b - Ensorcelled Hibernation        Hexes/Ice                    2
   c - Confuse                        Hexes                        3
   d - Tukima's Dance                 Hexes                        3
   e - Dazzling Spray                 Conjuration/Hexes            3
Comestibles
 d - a bread ration
 f - a royal jelly
 g - a meat ration


   Skills:
 - Level 2.0 Fighting
 - Level 1.0 Short Blades
 - Level 2.0 Dodging
 + Level 5.6 Stealth
 - Level 2.0 Spellcasting
 - Level 3.0 Hexes


You had 5 spell levels left.
You knew the following spells:

 Your Spells              Type           Power        Failure   Level  Hunger
a - Corona                Hex            ##.....      8%          1    #......


Dungeon Overview and Level Annotations

Branches:
Dungeon (2/15)

Altars:
The Shining One

Annotations:
D:2 Ijyb


Innate Abilities, Weirdness & Mutations

You cannot wear boots.
Your serpentine skin is tough. (AC +1)
You have supernaturally acute eyesight. (SInv)
Armour fits poorly on your strangely shaped body.
Your system is resistant to poisons. (rPois)
You cover ground very slowly.
You have a slow metabolism.
You can spit poison.


Message History

Ijyb is heavily wounded.
Ijyb hits you but does no damage.
You hit Ijyb but do no damage.
Ijyb is heavily wounded.
The goblin unwields an uncursed hunting sling.
The goblin hits you.
* * * LOW HITPOINT WARNING * * *
Ijyb hits you but does no damage.
You hit Ijyb but do no damage.
Ijyb is heavily wounded.
You hit Ijyb but do no damage.
Ijyb is heavily wounded.
The goblin misses you. Ijyb barely misses you.
You hit Ijyb but do no damage.
Ijyb is heavily wounded.
The goblin barely misses you.
You hit Ijyb but do no damage.
Ijyb is heavily wounded.
Ijyb zaps a wand.
The puff of flame hits you!
You die...

*******#############
#≈≈*,,,#..g....'...#
#≈≈*,,,'...g...'...#
#≈≈#####.......#...#
#≈≈...##########...#
#≈≈...#..........g.#
.≈≈...#............#
.≈≈..##'##.....##g##
.≈≈..#...#.....#@g(#
.≈≈.)#...#.....#...#
.≈≈..#...#...(.#...#
.≈≈..##'##.....##'##
.≈≈......#.....#...*
.≈≈≈.....#.....#...#
..≈≈≈≈≈≈≈#..)..#≈≈≈#
..#≈≈≈≈≈≈##'''##≈≈≈#
.......≈≈≈≈.†.≈≈≈≈#*


You could see Ijyb and 2 goblins.

Vanquished Creatures
  A gnoll (D:1)
  An adder (D:1)
  2 dart slugs
  2 giant cockroaches (D:1)
  9 goblins
  3 jackals (D:2)
  3 bats (D:1)
  2 frilled lizards (D:1)
  4 kobolds
  3 rats (D:1)
30 creatures vanquished.

Notes
Turn   | Place    | Note
-------+----------+-------------------------------------------
     0 | D:1      | Murumi the Naga Enchanter began the quest for the Orb.
     0 | D:1      | Reached XP level 1. HP: 15/15 MP: 3/3
     6 | D:1      | Noticed a wolf
     6 | D:1      | Noticed a lindwurm
     6 | D:1      | Noticed a black mamba
     6 | D:1      | Noticed a killer bee
     6 | D:1      | Noticed a seven-headed hydra
   139 | D:1      | Reached skill level 5 in Stealth
   197 | D:1      | Reached XP level 2. HP: 9/22 MP: 5/5
   501 | D:1      | Reached skill level 1 in Fighting
   869 | D:1      | Reached XP level 3. HP: 31/31 MP: 6/6
  1350 | D:2      | Found a glowing golden altar of the Shining One.
  1724 | D:2      | Noticed Ijyb
  1757 | D:2      | Killed from afar by Ijyb

Vault maps used:
D:1:      onia_arrival_zoo_common
D:2:      kennysheep_goblin_castle, tso_oasis_becter, first_bread,
          kennysheep_generic_room_9

Skill      XL: |  1  2  3 |
---------------+----------+-----
Stealth        | 5 |  5.6
Dodging        | 2 |  2.0
Fighting       | 1 2 |  2.0
Short Blades   | |  1.0
Spellcasting   | |  2.0
Hexes          | |  3.0

Action                   || total
-------------------------++-------
Melee: Dagger            ||    99
 Cast: Corona            ||     2
 Abil: Spit Poison       ||    12
  Use: Scroll            ||     4
       Potion            ||     2
 Stab: Sleeping          ||    10
  Eat: Chunk             ||     2
Armor: Robe              ||    20
Dodge: Dodged            ||    61
